cohdb
Replays
Latest Replays
All Replays
Popular Replays
Top Player Replays
Match Explorer
How It Works
Community
CoH3 Stats
Reddit
Sign in to upload your games and track your stats! →
Sign in with Steam
Match 43931084
Unlisted
Match 43931084
Overview
Messages
Build Orders
End
Scout Squad
Construct Barracks
Riflemen Squad
Riflemen Squad
M1 Mortar Team
Construct Weapon Support Center
Selects Heavy Weapons
Selects M2HB .50cal Heavy Machine Gun
M1919 Machine Gun Team
Mechanized Support Center
Construct Medical Station
Riflemen Squad
M1919 Machine Gun Team
M3 Armored Personnel Carrier
Designate Forward Repair Station
Riflemen Squad
Selects Assault Carriers
Selects Halftrack Strongpoints
M3 Assault Carrier
Construct Tank Depot
Rapid Repairs
M4A1 76mm Conversion
M4A1 Sherman Medium Tank
Designate Forward Repair Station
M4A1(76) Sherman Medium Tank
M4A1(76) Sherman Medium Tank
Designate Forward Repair Station
Phteven
歪咔曲啃(绝地逃兵)
Oncle-Hô
Olumiant
USA_D.O.D
ORANGE
2B的室女
saeed779911
0
0
Comments
sign in to comment!
No comments posted yet!